 Dungeon Crawl Stone Soup version 0.31-a0-240-gb923e448b6 (webtiles) character file.

Game seed: 16065316067555138224

129 qw the Shooter (level 5, -1/31 HPs)
             Began as a Gargoyle Hexslinger on July 11, 2023.
             Slain by a gnoll
             ... wielding a +0 club
             ... led by a gnoll bouda
              (2 damage)
             ... on level 3 of the Dungeon.
             The game lasted 00:00:54 (2090 turns).

qw the Shooter (Gargoyle Hexslinger)                Turns: 2090, Time: 00:00:55

Health: -1/31      AC:  7    Str: 18    XL:     5   Next: 12%
Magic:  6/6        EV: 11    Int: 13    God:
Gold:   88         SH:  0    Dex: 14    Spells: 5/6 levels left

rFire   . . .        Y - +1 sling
rCold   . . .        (no shield)
rNeg    + . .        g - +0 leather armour
rPois   inf          (no helmet)
rElec   +            (no cloak)
rCorr   .            (no gloves)
SInv    .            (no boots)
Will    .....        (no amulet)
Stlth   +            e - +6 ring of strength
HPRegen 0.25/turn    (no ring)
MPRegen 0.10/turn

%: no passive effects
@: no status effects
A: sickness immunity, AC +4, negative energy resistance 1, electricity
resistance, torment resistance 1, petrification resistance
a: no special abilities


You were on level 3 of the Dungeon.
You visited 1 branch of the dungeon, and saw 3 of its levels.

You collected 118 gold pieces.
You spent 30 gold pieces at shops.


Innate Abilities, Weirdness & Mutations

You are immune to sickness and miasma.
Your stone body is resilient. (AC +4)
You are immune to poison.
You resist negative energy. (rN+)
You are resistant to electric shocks. (rElec)
You are resistant to unholy torment.
You are immune to petrification.


   Skills:
 - Level 2.3 Fighting
 + Level 4.7 Ranged Weapons
 - Level 1.5 Dodging
 - Level 1.0 Spellcasting
 - Level 2.6 Hexes


You had 5 spell levels left.
You knew the following spells:

 Your Spells              Type           Power      Damage    Failure   Level
a - Slow                  Hex            28%        N/A       11%         1

Your spell library contained the following spells:

 Spells                   Type           Power      Damage    Failure   Level
 Inner Flame              Hex/Fire       4%         N/A       50%         3
 Portal Projectile        Hex/Tloc       8%         N/A       50%         3
 Cause Fear               Hex            3%         N/A       73%         4

Inventory:

Hand Weapons
 Y - a +1 sling (weapon)
Armour
 g - a +0 leather armour (worn)
Jewellery
 e - a +6 ring of strength (left hand)
Scrolls
 a - a scroll of identify {unknown}
 c - a scroll of noise {unknown}
 h - a scroll of teleportation {unknown}
Potions
 b - 2 potions of brilliance {unknown}
 d - 2 potions of ambrosia {unknown}
 f - a potion of enlightenment {unknown}
 i - 2 potions of curing
 j - a potion of cancellation {unknown}

Dungeon Overview and Level Annotations

Branches:
Dungeon (3/15)

Altars:
Sif Muna

Shops:
D:2 !

Annotations:
D:3 Ijyb


Message History

The gnoll closely misses you.
You shoot a sling bullet.
The sling bullet barely misses the gnoll.
The gnoll hits you with a +0 club!
You shoot a sling bullet.
The sling bullet hits the gnoll but does no damage.
The gnoll is moderately wounded.
The gnoll barely misses you.
You shoot a sling bullet.
The sling bullet barely misses the gnoll.
The sling bullet hits the gnoll.
The gnoll is moderately wounded.
The gnoll barely misses you. The gnoll closely misses you.
You shoot a sling bullet.
The sling bullet barely misses the gnoll.
The gnoll misses you. The gnoll closely misses you.
The gnoll hits you with a +0 club.
You shoot a sling bullet. The sling bullet hits the gnoll.
The gnoll is severely wounded.
The gnoll closely misses you. The gnoll hits you with a +0 club. x2
A kobold comes into view. It is wielding a +0 dagger.
You shoot a sling bullet.
The sling bullet closely misses the gnoll.
The gnoll hits you with a +0 club. The gnoll closely misses you.
The gnoll hits you with a +0 club.
A gnoll comes into view. It is wielding a +0 club.
You shoot a sling bullet. The gnoll shouts!
The sling bullet hits the gnoll.
The gnoll is severely wounded.
You hear a shout!
The gnoll hits you with a +0 club.
A gnoll comes into view. It is wielding a +0 flail.
The gnoll barely misses you. The gnoll hits you with a +0 club.
You shoot a sling bullet. The sling bullet hits the gnoll!
You kill the gnoll!
The gnoll hits you with a +0 club. x2
Ijyb the Twisted Goblin comes into view.
She is wielding a +0 club, wearing a +3 leather armour of cold resistance and carrying a wand of mindburst (4).
The gnoll hits you with a +0 club.
You die...

#.# #.# .#.g# #.# .#g.##
#######.# #..g.).
........# ..K....
.######.# ##.~¤.¤~.
........# #..~~.~¤.
.######.# #gg0~_0~. ..#
#.# ##@)~0~~0.
..#####.#######...~~~~~.
..#....#........#...?...
..#.###.###.......######
.......<.......####
....###.###.##.#
......|.###.##.#
.............#.#
.#..#######.##.#


You could see Ijyb, 4 gnolls and a kobold.

Vanquished Creatures
  A sleepcap (D:2)
  2 gnolls
  2 adders
  2 worms (D:2)
  A dart slug (D:3)
  12 endoplasms
  3 giant cockroaches
  8 hobgoblins
  4 quokkas
  8 ball pythons
  6 bats
  2 frilled lizards
  6 goblins
  6 kobolds
  3 rats
66 creatures vanquished.

Notes
Turn   | Place    | Note
-------+----------+-------------------------------------------
     0 | D:1      | qw the Gargoyle Hexslinger began the quest for the Orb.
     0 | D:1      | Reached XP level 1. HP: 12/12 MP: 2/2
     0 | D:1      | 0 ||| qw: Version: 0.3-a-52-g30416fa
     0 | D:1      | 0 ||| qw: Game counter: 5972
     0 | D:1      | 0 ||| qw: Melee chars always use a shield: true
     0 | D:1      | 0 ||| qw: God list: Okawaru
     0 | D:1      | 0 ||| qw: Allow faded altars: false
     0 | D:1      | 0 ||| qw: Do Orc after clearing Dungeon:15 true
     0 | D:1      | 0 ||| qw: Do second Lair branch before Depths: true
     0 | D:1      | 0 ||| qw: Lair rune preference: random
     0 | D:1      | 0 ||| qw: Goals: Normal
     0 | D:1      | 0 ||| PLANNING D:1-11
   100 | D:1      | Reached XP level 2. HP: 16/16 MP: 3/3
   178 | D:1      | Reached skill level 3 in Ranged Weapons
   386 | D:1      | Reached XP level 3. HP: 12/22 MP: 4/4
   774 | D:1      | 774 ||| UPGRADING to +6 ring of strength.
   775 | D:1      | 775 ||| READING scroll labelled KIYCUECSOST.
   776 | D:1      | 776 ||| READING scroll labelled ITUPLI VUCA.
   777 | D:1      | 777 ||| READING 3 scrolls labelled FUCSEXA LIDO.
   778 | D:1      | 778 ||| DROPPING scroll of poison.
   779 | D:1      | 779 ||| DROPPING 2 scrolls of amnesia.
  1049 | D:2      | Reached XP level 4. HP: 27/27 MP: 5/5
  1271 | D:2      | Reached skill level 4 in Ranged Weapons
  1336 | D:2      | Found Taasean's Distillery.
  1341 | D:2      | 1341 ||| SHOPLISTING 2 potions of curing (60 gold, have
                  | 56).
  1341 | D:2      | 1341 ||| SHOPLISTING potion of cancellation (80 gold, have
                  | 56).
  1341 | D:2      | 1341 ||| BUYING potion of curing (30 gold).
  1341 | D:2      | Bought a potion of curing for 30 gold pieces
  1341 | D:2      | 1341 ||| SHOPLISTING potion of heal wounds (50 gold, have
                  | 26).
  1341 | D:2      | 1341 ||| SHOPLISTING potion of mutation (80 gold, have 26).
  1588 | D:2      | Found a faded altar of an unknown god.
  1686 | D:2      | 1686 ||| UPGRADING to +0 leather armour.
  1696 | D:2      | 1696 ||| DROPPING +0 robe.
  1697 | D:2      | 1697 ||| DROPPING ring of wizardry.
  1698 | D:2      | 1698 ||| DROPPING +6 ring of intelligence.
  1699 | D:2      | 1699 ||| READING 2 scrolls labelled SACOAD GIURAOTT.
  1700 | D:2      | 1700 ||| READING scroll labelled ICKAOT USHUANY.
  1701 | D:2      | 1701 ||| DROPPING scroll of fog.
  1893 | D:3      | Reached XP level 5. HP: 27/31 MP: 6/6
  2072 | D:3      | Found a shimmering blue altar of Sif Muna.
  2089 | D:3      | HP: 7/31 [gnoll/+0 club[a gnoll bouda] (2)]
  2090 | D:3      | HP: 1/31 [gnoll/+0 club[a gnoll bouda] (3)]
  2090 | D:3      | Noticed Ijyb
  2090 | D:3      | Slain by a gnoll

Levels and vault maps discovered:
D:1:      heliophobic_arrival_battle_scene, layout_loops_ring
D:2:      minmay_spotlight, layout_loops_cross, serial_shops,
          nicolae_shop_hallway_plus, ebering_ecumenical_altar_box,
          minmay_misc_feat_alley, minivault_4, hangedman_decor_points
D:3:      layout_loops_ring, nicolae_sif_muna_condensation, slow_altar_2,
          lemuel_flame_loot_1, uniq_sigmund, uniq_ijyb, uniq_robin

Skill      XL: |  1  2  3  4 |
---------------+-------------+-----
Ranged Weapons | 3 4 |  4.7
Fighting       | 2 |  2.3
Dodging        | |  1.5
Spellcasting   | |  1.0
Hexes          | |  2.6

Action                     |  1- 3 |  4- 6 || total
---------------------------+-------+-------++-------
   Fire: Sling             |   113 |   121 ||   234
    Use: Scroll            |     3 |     2 ||     5
 Armour: Robe              |     8 |    17 ||    25
         Leather armour    |       |     5 ||     5
  Dodge: Dodged            |    34 |    56 ||    90

Table legend:
 A = Non-vault XP
 B = Vault XP
 C = Vault XP percentage of total XP
 D = Non-vault monster count
 E = Vault monster count
 F = Vault count percentage of total count
                 A         B        C        D         E       F
            +---------+---------+-------+---------+---------+-------
      Total |     157 |      43 |  21.5 |      61 |       5 |   7.6
            +---------+---------+-------+---------+---------+-------
        D:1 |      58 |       0 |   0.0 |      27 |       0 |   0.0
        D:2 |      53 |      43 |  44.8 |      23 |       5 |  17.9
        D:3 |      46 |       0 |   0.0 |      11 |       0 |   0.0
            +---------+---------+-------+---------+---------+-------
